TOP OF THE 1ST |
Richardson City Thundercats batting - Pitching for Ft. Worth Cattlemen : RHP Yoriyoshi Yamamoto
|
Pitching: RHP Yoriyoshi Yamamoto
|
|
Batting: RHB Chriss Mann
|
0-0: Called Strike 0-1: Ball 1-1: Called Strike 1-2: Ball 2-2: Foul Ball, location: 2F 2-2: Ball 3-2: SINGLE (Line Drive, 56D)
|
Batting: SHB Leonard O'Connor
|
0-0: Fly out, F7 (Flyball, 7D)
|
Batting: RHB Alden Wiley
|
0-0: Ball Chriss Mann is caught stealing 2nd base 1-0: Fly out, F8 (Flyball, 78M)
|
Top of the 1st over - 0 run(s), 1 hit(s), 0 error(s), 0 left on base; Richardson City 0 - Ft. Worth 0 |
BOTTOM OF THE 1ST |
Ft. Worth Cattlemen batting - Pitching for Richardson City Thundercats : LHP Javier Ramírez
|
Pitching: LHP Javier Ramírez
|
|
Batting: SHB Robby Day
|
0-0: Called Strike 0-1: Ball 1-1: Called Strike 1-2: Ground out 6-3 (Groundball, 6)
|
Batting: RHB Alan Elder
|
0-0: Called Strike 0-1: Swinging Strike 0-2: Ground out 6-3 (Groundball, 56)
|
Batting: RHB Bart Lewis
|
0-0: Called Strike 0-1: Foul Ball, location: 2F 0-2: DOUBLE (Line Drive, 5L)
|
Batting: RHB Joey Morgan
|
0-0: Ball Wild Pitch! Bart Lewis to third 1-0: Foul Ball, location: 2F 1-1: Called Strike 1-2: Ground out 4-3 (Groundball, 4)
|
Bottom of the 1st over - 0 run(s), 1 hit(s), 0 error(s), 1 left on base; Richardson City 0 - Ft. Worth 0 |
TOP OF THE 2ND |
Richardson City Thundercats batting - Pitching for Ft. Worth Cattlemen : RHP Yoriyoshi Yamamoto
|
Batting: RHB Nate Cates
|
0-0: Called Strike 0-1: Ball 1-1: Ball 2-1: Called Strike 2-2: Foul Ball, location: 2F 2-2: Ground out 1-3 (Groundball, 13)
|
Batting: RHB Juan Cabrera
|
0-0: Ball 1-0: Ball 2-0: Fly out, F8 (Flyball, 8LM)
|
Batting: RHB Joey Jones
|
0-0: Ball 1-0: SOLO HOME RUN (Flyball, 9D), Distance : 386 ft
|
Batting: RHB Steve Dunn
|
0-0: Called Strike 0-1: Ground out 6-3 (Groundball, 6)
|
Top of the 2nd over - 1 run(s), 1 hit(s), 0 error(s), 0 left on base; Richardson City 1 - Ft. Worth 0 |
BOTTOM OF THE 2ND |
Ft. Worth Cattlemen batting - Pitching for Richardson City Thundercats : LHP Javier Ramírez
|
Batting: LHB Ryan Westlake
|
0-0: Ball 1-0: Ground out U3 (Groundball, 3)
|
Batting: LHB Pat McJannett
|
0-0: Called Strike 0-1: Swinging Strike 0-2: Strikes out swinging
|
Batting: RHB Robby Thomas
|
0-0: Ball 1-0: Foul Ball, location: 2F 1-1: Ball 2-1: Ball 3-1: Ground out 6-3 (Groundball, 6)
|
Bottom of the 2nd over - 0 run(s), 0 hit(s), 0 error(s), 0 left on base; Richardson City 1 - Ft. Worth 0 |
TOP OF THE 3RD |
Richardson City Thundercats batting - Pitching for Ft. Worth Cattlemen : RHP Yoriyoshi Yamamoto
|
Batting: LHB Sébastien Rolland
|
0-0: Called Strike 0-1: Ball 1-1: Called Strike 1-2: Ball 2-2: Strikes out swinging
|
Batting: RHB Andrew Weeks
|
0-0: Ball 1-0: Swinging Strike 1-1: Swinging Strike 1-2: Strikes out swinging
|
Batting: RHB Chriss Mann
|
0-0: Foul Ball, location: 2F 0-1: Called Strike 0-2: Ball 1-2: Ball 2-2: Ball 3-2: Foul Ball, location: 2F 3-2: Foul Ball, location: 2F 3-2: Ground out 6-3 (Groundball, 6M)
|
Top of the 3rd over - 0 run(s), 0 hit(s), 0 error(s), 0 left on base; Richardson City 1 - Ft. Worth 0 |
BOTTOM OF THE 3RD |
Ft. Worth Cattlemen batting - Pitching for Richardson City Thundercats : LHP Javier Ramírez
|
Batting: LHB Bill Burgess
|
0-0: Ball 1-0: Called Strike 1-1: Foul Ball, location: 2F 1-2: Ball 2-2: Strikes out swinging
|
Batting: RHB Jack Weber
|
0-0: Ball 1-0: Foul Ball, location: 2F 1-1: Ball 2-1: Foul Ball, location: 2F 2-2: Ball 3-2: Foul Ball, location: 2F 3-2: Foul Ball, location: 2F 3-2: Strikes out swinging
|
Batting: SHB Robby Day
|
0-0: Ball 1-0: Swinging Strike 1-1: Ball 2-1: Ground out 6-3 (Groundball, 6M)
|
Bottom of the 3rd over - 0 run(s), 0 hit(s), 0 error(s), 0 left on base; Richardson City 1 - Ft. Worth 0 |
TOP OF THE 4TH |
Richardson City Thundercats batting - Pitching for Ft. Worth Cattlemen : RHP Yoriyoshi Yamamoto
|
Batting: SHB Leonard O'Connor
|
0-0: Called Strike 0-1: Ball 1-1: Fly out, F7 (Flyball, 7M)
|
Batting: RHB Alden Wiley
|
0-0: Swinging Strike 0-1: Foul Ball, location: 2F 0-2: Strikes out swinging
|
Batting: RHB Nate Cates
|
0-0: Called Strike 0-1: Swinging Strike 0-2: Ball 1-2: Foul Ball, location: 2F 1-2: Strikes out swinging
|
Top of the 4th over - 0 run(s), 0 hit(s), 0 error(s), 0 left on base; Richardson City 1 - Ft. Worth 0 |
BOTTOM OF THE 4TH |
Ft. Worth Cattlemen batting - Pitching for Richardson City Thundercats : LHP Javier Ramírez
|
Batting: RHB Alan Elder
|
0-0: Ground out 5-3 (Groundball, 5S)
|
Batting: RHB Bart Lewis
|
0-0: Called Strike 0-1: Ball 1-1: Ball 2-1: Called Strike 2-2: SINGLE (Groundball, 6MD)
|
Batting: RHB Joey Morgan
|
0-0: Called Strike 0-1: Ball 1-1: Foul Ball, location: 2F 1-2: Grounds into double play, 5-4-3 (Groundball, 5)
|
Bottom of the 4th over - 0 run(s), 1 hit(s), 0 error(s), 0 left on base; Richardson City 1 - Ft. Worth 0 |
TOP OF THE 5TH |
Richardson City Thundercats batting - Pitching for Ft. Worth Cattlemen : RHP Yoriyoshi Yamamoto
|
Batting: RHB Juan Cabrera
|
0-0: Ball 1-0: Fly out, F8 (Flyball, 8LXD)
|
Batting: RHB Joey Jones
|
0-0: Swinging Strike 0-1: Swinging Strike 0-2: Ball 1-2: Ball 2-2: Ball 3-2: Base on Balls
|
Batting: RHB Steve Dunn
|
0-0: Ball 1-0: Ball 2-0: Called Strike 2-1: Ball 3-1: Grounds into double play, 6-4-3 (Groundball, 6)
|
Top of the 5th over - 0 run(s), 0 hit(s), 0 error(s), 0 left on base; Richardson City 1 - Ft. Worth 0 |
BOTTOM OF THE 5TH |
Ft. Worth Cattlemen batting - Pitching for Richardson City Thundercats : LHP Javier Ramírez
|
Batting: LHB Ryan Westlake
|
0-0: Called Strike 0-1: Ball 1-1: Ball 2-1: Ball 3-1: Base on Balls
|
Batting: LHB Pat McJannett
|
0-0: SINGLE (Line Drive, 56D) Ryan Westlake to second
|
Batting: RHB Robby Thomas
|
0-0: Ball 1-0: Called Strike 1-1: Sac Bunt - play at first, batter OUT! 1-3 Ryan Westlake to third Pat McJannett to second
|
Batting: LHB Bill Burgess
|
0-0: Foul Ball, location: 2F 0-1: Called Strike 0-2: Ball 1-2: Strikes out swinging
|
Batting: RHB Jack Weber
|
0-0: Foul Ball, location: 2F 0-1: Called Strike 0-2: Strikes out swinging
|
Bottom of the 5th over - 0 run(s), 1 hit(s), 0 error(s), 2 left on base; Richardson City 1 - Ft. Worth 0 |
TOP OF THE 6TH |
Richardson City Thundercats batting - Pitching for Ft. Worth Cattlemen : RHP Yoriyoshi Yamamoto
|
Batting: LHB Sébastien Rolland
|
0-0: Ball 1-0: Called Strike 1-1: Ball 2-1: Ball 3-1: Foul Ball, location: 2F 3-2: SINGLE (Groundball, 34D)
|
Batting: RHB Andrew Weeks
|
0-0: Called Strike 0-1: Bunted foul 0-2: Strikes out looking
|
Batting: RHB Chriss Mann
|
0-0: Called Strike 0-1: Foul Ball, location: 2F 0-2: Foul Ball, location: 2F 0-2: Foul Ball, location: 2F 0-2: Ball 1-2: Ball 2-2: Fly out, F4 (Line Drive, 4)
|
Batting: SHB Leonard O'Connor
|
0-0: Ball 1-0: Called Strike 1-1: Ball 2-1: Ground out U3 (Groundball, 3L)
|
Top of the 6th over - 0 run(s), 1 hit(s), 0 error(s), 1 left on base; Richardson City 1 - Ft. Worth 0 |
BOTTOM OF THE 6TH |
Ft. Worth Cattlemen batting - Pitching for Richardson City Thundercats : LHP Javier Ramírez
|
Batting: SHB Robby Day
|
0-0: Called Strike 0-1: Called Strike 0-2: Foul Ball, location: 2F 0-2: Ball 1-2: Strikes out looking
|
Batting: RHB Alan Elder
|
0-0: Ball 1-0: Ground out 5-3 (Groundball, 56)
|
Batting: RHB Bart Lewis
|
0-0: Ball 1-0: Ball 2-0: Ball 3-0: Called Strike 3-1: Base on Balls
|
Batting: RHB Joey Morgan
|
0-0: Ball Pickoff Throw to First - Out!
|
Bottom of the 6th over - 0 run(s), 0 hit(s), 0 error(s), 0 left on base; Richardson City 1 - Ft. Worth 0 |
TOP OF THE 7TH |
Richardson City Thundercats batting - Pitching for Ft. Worth Cattlemen : RHP Yoriyoshi Yamamoto
|
Batting: RHB Alden Wiley
|
0-0: Ball 1-0: Called Strike 1-1: Foul Ball, location: 2F 1-2: Ball 2-2: Strikes out swinging
|
Batting: RHB Nate Cates
|
0-0: Called Strike 0-1: Foul Ball, location: 2F 0-2: Foul Ball, location: 2F 0-2: SINGLE (Line Drive, 34)
|
Batting: RHB Juan Cabrera
|
0-0: Called Strike 0-1: Swinging Strike 0-2: Ball 1-2: Foul Ball, location: 2F 1-2: Foul Ball, location: 2F 1-2: Strikes out swinging
|
Pitching: RHP Don Miller
|
|
Batting: RHB Joey Jones
|
0-0: Swinging Strike 0-1: Foul Ball, location: 2F 0-2: Fly out, F9 (Line Drive, 89XD)
|
Top of the 7th over - 0 run(s), 1 hit(s), 0 error(s), 1 left on base; Richardson City 1 - Ft. Worth 0 |
BOTTOM OF THE 7TH |
Ft. Worth Cattlemen batting - Pitching for Richardson City Thundercats : LHP Javier Ramírez
|
Batting: RHB Joey Morgan
|
0-0: Called Strike 0-1: Ball 1-1: Swinging Strike 1-2: Strikes out swinging
|
Batting: LHB Ryan Westlake
|
0-0: Called Strike 0-1: Ball 1-1: Swinging Strike 1-2: Foul Ball, location: 2F 1-2: Strikes out looking
|
Batting: LHB Pat McJannett
|
0-0: SINGLE (Line Drive, 6M)
|
Pitching: LHP Rick Payne
|
|
Batting: RHB Robby Thomas
|
0-0: Called Strike 0-1: Called Strike 0-2: 2-RUN HOME RUN (Flyball, 7D), Distance : 386 ft
|
Batting: LHB Bill Burgess
|
0-0: Called Strike 0-1: Ground out 6-3 (Groundball, 6M)
|
Bottom of the 7th over - 2 run(s), 2 hit(s), 0 error(s), 0 left on base; Richardson City 1 - Ft. Worth 2 |
TOP OF THE 8TH |
Richardson City Thundercats batting - Pitching for Ft. Worth Cattlemen : RHP Don Miller
|
Batting: RHB Steve Dunn
|
0-0: Swinging Strike 0-1: Ball 1-1: Ball 2-1: Swinging Strike 2-2: Fly out, F6 (Line Drive, 6M)
|
Pitching: RHP Francisco López
|
|
Batting: LHB Sébastien Rolland
|
0-0: Ball 1-0: SINGLE (Flyball, 8RS)
|
Pitching: RHP Harold Taylor
|
|
Batting: RHB Andrew Weeks
|
0-0: Ball 1-0: Called Strike 1-1: Ball 2-1: Swinging Strike 2-2: Strikes out looking
|
Batting: RHB Chriss Mann
|
0-0: Ball 1-0: Called Strike 1-1: Ball 2-1: Foul Ball, location: 2F 2-2: Ball 3-2: Fly out, F7 (Line Drive, 7M)
|
Top of the 8th over - 0 run(s), 1 hit(s), 0 error(s), 1 left on base; Richardson City 1 - Ft. Worth 2 |
BOTTOM OF THE 8TH |
Ft. Worth Cattlemen batting - Pitching for Richardson City Thundercats : LHP Rick Payne
|
Batting: RHB Jack Weber
|
0-0: Called Strike 0-1: Ball 1-1: Fly out, F8 (Line Drive, 8RM)
|
Batting: SHB Robby Day
|
0-0: Ball 1-0: Foul Ball, location: 2F 1-1: Foul Ball, location: 2F 1-2: Ground out 6-3 (Groundball, 6)
|
Batting: RHB Alan Elder
|
0-0: Ball 1-0: Foul Ball, location: 2F 1-1: Ball 2-1: Foul Ball, location: 2F 2-2: Foul Ball, location: 2F 2-2: Ground out 5-3 (Groundball, 5S)
|
Bottom of the 8th over - 0 run(s), 0 hit(s), 0 error(s), 0 left on base; Richardson City 1 - Ft. Worth 2 |
TOP OF THE 9TH |
Richardson City Thundercats batting - Pitching for Ft. Worth Cattlemen : RHP Harold Taylor
|
Pitching: LHP Juan Sánchez
|
|
Now at 1B: Orlando Trevino
|
|
Now at 3B: Mike Blue
|
|
Batting: SHB Leonard O'Connor
|
0-0: Foul Ball, location: 2F 0-1: Foul Ball, location: 2F 0-2: Strikes out looking
|
Batting: RHB Alden Wiley
|
0-0: SINGLE (Flyball, 6MD)
|
Batting: RHB Nate Cates
|
0-0: Called Strike 0-1: Ball 1-1: Ball 2-1: Grounds into double play, U6-3 (Groundball, 6M)
|
Top of the 9th over - 0 run(s), 1 hit(s), 0 error(s), 0 left on base; Richardson City 1 - Ft. Worth 2 |
|